 Dungeon Crawl Stone Soup version 0.19.3-1-g3169bf9 (webtiles) character file.

1794 Messajah the Cleaver (level 8, 28/68 HPs)
             Began as a Minotaur Fighter on Jan 25, 2017.
             Was an Initiate of Trog.
             Quit the game on level 6 of the Dungeon.
             The game lasted 00:34:18 (5871 turns).

Messajah the Cleaver (Minotaur Fighter)             Turns: 5871, Time: 00:34:19

Health: 28/68      AC: 16    Str: 21    XL:     8   Next: 82%
Magic:  7/7        EV:  7    Int:  5    God:    Trog [......]
Gold:   215        SH:  0    Dex: 14    Spells: 0 memorised, 7 levels left

rFire  . . .     SeeInvis .     D - +0 war axe
rCold  . . .     Gourm    .     F - +0 plate armour
rNeg   . . .     Faith    .     (no shield)
rPois  .         Spirit   .     (helmet restricted)
rElec  .         Reflect  .     n - +0 cloak
rCorr  .         Harm     .     (no gloves)
MR     .....     Rnd*Tele +     (no boots)
Stlth  ..........               (no amulet)
                                w - +4 ring of dexterity
                                G - +3 ring of protection

@: drained
A: retaliatory headbutt, horns 2, clumsy 1, deterioration 1, sense surroundings
1, teleportitis 1
a: Burn Spellbooks, Renounce Religion


You were on level 6 of the Dungeon.
You worshipped Trog.
Trog was noncommittal.
You were hungry.

You visited 2 branches of the dungeon, and saw 7 of its levels.
You also visited: Sewer.

You collected 215 gold pieces.

Inventory:

Hand Weapons
 D - a +0 war axe (weapon)
 E - a +0 broad axe
Missiles
 s - 4 javelins of returning (quivered)
Armour
 n - a +0 cloak (worn)
 F - a +0 plate armour (worn)
Jewellery
 m - an uncursed ring of see invisible
 w - a +4 ring of dexterity (right hand)
 G - a +3 ring of protection (left hand)
Wands
 y - a wand of random effects (30/48)
 C - a wand of flame (23/48)
Scrolls
 a - a scroll of recharging {unknown}
 b - a scroll of blinking {unknown}
 c - 6 scrolls of teleportation
 k - a scroll of enchant weapon {unknown}
 l - a scroll of enchant armour {unknown}
 o - 3 scrolls of remove curse
 t - 3 scrolls of noise
 u - a scroll of magic mapping {unknown}
 v - a scroll of fear {unknown}
 x - a scroll of amnesia {unknown}
Potions
 d - a potion of might
 g - 3 potions of flight
 j - 3 potions of curing
 p - a potion of invisibility {unknown}
 q - 3 potions of degeneration
 r - a potion of haste {unknown}
 z - a potion of beneficial mutation {unknown}
 A - a potion of heal wounds {unknown}
 B - a potion of lignification {unknown}
Comestibles
 f - 7 bread rations
 h - 4 meat rations
 i - a slice of pizza


   Skills:
 * Level 5.3(5.0) Fighting
 - Level 11.9(11.4) Axes
 * Level 5.6(5.2) Armour
 + Level 2.5(2.1) Dodging
   Level 3.6(3.2) Shields


You had 7 spell levels left.
You didn't know any spells.

Dungeon Overview and Level Annotations

Branches:
Dungeon (6/15)             Temple (1/1) D:6

Altars:
Ashenzari
Cheibriados
Dithmenos
Elyvilon
Fedhas
Gozag
Hepliaklqana
Kikubaaqudgha
Makhleb
Nemelex Xobeh
Okawaru
Qazlal
Ru
Sif Muna
Trog
Uskayaw
Vehumet
Xom
Yredelemnul
Zin
The Shining One


Innate Abilities, Weirdness & Mutations

You reflexively headbutt those who attack you in melee.
You have a pair of horns on your head.
You are clumsy. (Dex -2)
Your body sometimes deteriorates upon taking damage.
You passively map a small area around you.
You are occasionally teleported next to monsters.


Message History

You hear a loud clanging noise!
It was a scroll of noise.
As you read the scroll labeled ZUCEUKHIUD, it crumbles to dust.
It is a scroll of identify.
Really abort (and waste the scroll)? [Y]es or [N]o only, please.
Really abort (and waste the scroll)? [Y]es or [N]o only, please.
Really abort (and waste the scroll)? [Y]es or [N]o only, please.
Really abort (and waste the scroll)?
g - 3 potions of flight
As you read the scroll of identify, it crumbles to dust.
q - 3 potions of degeneration Your surroundings suddenly seem different.
As you read the scroll of identify, it crumbles to dust.
j - 3 potions of curing Quiver which item? (- for none, * to show all) (? for menu, Esc to quit)
Okay, then.
Are you sure you want to abandon this character and quit the game? (Confirm with "yes".)

* * , ,#.# , #...# ,#.#.# ,
*,#.#.# #.#.# * #.#.# , , ,#.#.#
#.#....# * #.#.# # #. #.#....#
#@#.# # #.##.#....#
#.#.##############
#.##.#....######.#.........<.....
#.##.#....##.....#..##........###
#.##.#....##.....#..##........###
#.##.#..).##.....#.>.+........+..
#.##.#....##.....#..##........###
...........'.....#..##........# #
..##.#######....##..##........# #


There were no monsters in sight!

Vanquished Creatures
  Menkaure (D:5)
  2 ice beasts
  A sky beast (D:5)
  A phantom (D:4)
  An orc warrior (D:6)
  A centaur (D:5)
  A big kobold (Sewer)
  A bullfrog (D:6)
  2 scorpions (D:6)
  5 wights (D:6)
  3 crimson imps
  A centaur zombie (D:6)
  2 hounds
  2 orc wizards
  An orc priest (D:5)
  A bullfrog skeleton (D:6)
  Crazy Yiuf (D:3)
  An iguana (D:4)
  5 worker ants
  A hound skeleton (D:4)
  A worker ant zombie (D:5)
  2 gnolls (D:5)
  6 river rats
  5 adders
  A shadow imp (D:5)
  4 worms
  5 leopard geckos
  8 orcs
  A ball python (D:5)
  6 goblins
  4 hobgoblins
  2 jackals
  A quokka (D:2)
  5 bats
  5 frilled lizards
  14 kobolds
  11 rats
  A plant (D:5)
116 creatures vanquished.

Notes
Turn   | Place    | Note
-------+----------+-------------------------------------------
     0 | D:1      | Messajah the Minotaur Fighter began the quest for the Orb.
     0 | D:1      | Reached XP level 1. HP: 19/19 MP: 0/0
   170 | D:1      | Reached skill level 3 in Axes
   374 | D:1      | Reached XP level 2. HP: 26/26 MP: 1/1
   711 | D:1      | Reached skill level 4 in Axes
  1065 | D:2      | Reached XP level 3. HP: 31/31 MP: 2/2
  1459 | D:2      | Found a blossoming altar of Fedhas.
  1666 | D:3      | Reached skill level 5 in Axes
  1824 | D:3      | Reached XP level 4. HP: 33/39 MP: 3/3
  2240 | D:3      | Reached skill level 6 in Axes
  2487 | D:3      | Found a runed door.
  2491 | D:3      | Noticed Crazy Yiuf
  2495 | D:3      | Killed Crazy Yiuf
  2495 | D:3      | Reached XP level 5. HP: 42/45 MP: 4/4
  2670 | D:4      | Reached skill level 7 in Axes
  2746 | D:4      | Noticed a phantom
  2803 | D:4      | Killed a phantom
  2803 | D:4      | Reached XP level 6. HP: 22/51 MP: 5/5
  2987 | D:4      | Reached skill level 8 in Axes
  3197 | D:4      | Noticed an ice beast
  3214 | D:4      | Killed an ice beast
  3406 | D:5      | Entered Level 5 of the Dungeon
  3550 | D:5      | Reached skill level 9 in Axes
  3561 | D:5      | Noticed a sky beast
  3566 | D:5      | Killed a sky beast
  3566 | D:5      | Reached XP level 7. HP: 52/57 MP: 6/6
  3570 | D:5      | Gained mutation: You are clumsy. (Dex -2) [mutagenic meat]
  3571 | D:5      | Gained mutation: You are occasionally teleported next to monsters. [mutagenic meat]
  3572 | D:5      | Gained mutation: You passively map a small area around you. [mutagenic meat]
  3573 | D:5      | Gained mutation: Your body sometimes deteriorates upon taking damage. [mutagenic meat]
  3683 | D:5      | Reached skill level 10 in Axes
  4041 | D:5      | Noticed Menkaure
  4046 | D:5      | Killed Menkaure
  4087 | D:5      | Reached skill level 11 in Axes
  4514 | D:6      | Reached XP level 8. HP: 59/64 MP: 7/7
  4740 | D:6      | Found a glowing drain.
  4749 | Sewer    | Entered a sewer
  4833 | Sewer    | Found a glowing silver altar of Zin.
  5061 | D:6      | Found a staircase to the Ecumenical Temple.
  5073 | Temple   | Entered the Ecumenical Temple
  5201 | Temple   | Became a worshipper of Warmaster Okawaru
  5254 | D:6      | Reached skill level 1 in Dodging
  5613 | Temple   | Fell from the grace of Okawaru
  5613 | Temple   | Became a worshipper of Trog the Wrathful
  5845 | D:6      | Reached skill level 5 in Armour
  5851 | D:6      | Reached skill level 5 in Fighting
  5871 | D:6      | Quit the game

Skill      XL: |  1  2  3  4  5  6  7  8 |
---------------+-------------------------+-----
Axes           | 3 4 5 6 7 9 11 | 11.9
Fighting       | 5 |  5.3
Armour         | 5 |  5.6
Dodging        | 2 |  2.5
Shields        | |  3.6

Action                   |  1- 3 |  4- 6 |  7- 9 || total
-------------------------+-------+-------+-------++-------
Melee: War axe           |    99 |   109 |   144 ||   352
       Headbutt          |    12 |    19 |    29 ||    60
Throw: Javelin           |       |     3 |       ||     3
  Use: Scroll            |       |       |     6 ||     6
  Eat: Chunk             |     3 |     5 |     9 ||    17
       Fruit             |       |     1 |       ||     1
       Pizza             |       |       |     1 ||     1
Armor: Scale mail        |    13 |       |       ||    13
       Chain mail        |    57 |    43 |    65 ||   165
       Plate armour      |       |       |    14 ||    14
Dodge: Dodged            |    48 |    21 |    67 ||   136
